 Seeded DCSS version 0.30.0-29-ga12c61a403 (webtiles) character file.

Game seed: 5129858224507802926 (custom seed)

35 OTABOTABOTAB the Conjurer (level 3, 19/19 HPs)
             Began as a Deep Elf Conjurer on June 24, 2023.
             Quit the game on level 2 of the Dungeon.
             The game lasted 00:02:13 (1061 turns).

OTABOTABOTAB the Conjurer (Deep Elf Conjurer)       Turns: 1061, Time: 00:02:14

Health: 19/19      AC:  2    Str:  4    XL:     3   Next: 16%
Magic:  10/10      EV: 13    Int: 24    God:
Gold:   133        SH:  0    Dex: 13    Spells: 6/9 levels left

rFire   . . .        c - +0 dagger
rCold   . . .        (no shield)
rNeg    . . .        a - +0 robe
rPois   .            (no helmet)
rElec   .            (no cloak)
rCorr   .            (no gloves)
SInv    .            (no boots)
Will    .....        (no amulet)
Stlth   ++           (no ring)
HPRegen 0.23/turn    (no ring)
MPRegen 0.12/turn

%: no passive effects
@: no status effects
A: no striking features
a: no special abilities


You were on level 2 of the Dungeon.
You visited 1 branch of the dungeon, and saw 2 of its levels.

You collected 133 gold pieces.

Inventory:

Hand Weapons
 c - a +0 dagger (weapon)
   (You took it off a goblin on level 1 of the Dungeon)
Missiles
 s - 25 stones
Armour
 a - a +0 robe (worn)
Scrolls
 b - a scroll of fear {unknown}
 e - 2 scrolls of vulnerability {unknown}
 f - a scroll of amnesia {unknown}
 i - a scroll of magic mapping {unknown}
Potions
 d - a potion of curing {unknown}
 g - 2 potions of mutation {unknown}
 h - a potion of might {unknown}
 M - a potion of magic


   Skills:
 + Level 3.1 Dodging
 + Level 3.1 Stealth
 + Level 3.6 Spellcasting
 + Level 4.7 Conjurations


You had 6 spell levels left.
You knew the following spells:

 Your Spells              Type           Power      Damage    Failure   Level
a - Magic Dart            Conj           100%       1d8       1%          1
b - Searing Ray           Conj           52%        2d6       2%          2

Your spell library contained the following spells:

 Spells                   Type           Power      Damage    Failure   Level
 Dazzling Flash           Conj/Hex       30%        N/A       12%         3
 Fulminant Prism          Conj/Hex       7%         3d7       36%         4
 Iskenderun's Mystic Bla  Conj/Tloc      15%        2d5       36%         4


Dungeon Overview and Level Annotations

Branches:
Dungeon (2/15)

Altars:

Shops:
D:1 [   D:2 =[


Message History

You now have 7/8 mp.
The magic dart hits the dart slug.
You now have 6/8 mp.
The magic dart hits the dart slug.
You kill the dart slug!
You now have 5/8 mp.
No target in view!
No target in view!
You now have 76 gold pieces (gained 8).
A ball python comes into view.
MP restored: 8 The magic dart hits the ball python.
The ball python hisses angrily.
You now have 7/8 mp.
The magic dart hits the ball python!
You kill the ball python!
You have reached level 3!
Your experience leads to an increase in your attributes!
Increase (s)trength, (i)ntelligence, or (d)exterity?
You feel clever. x2
Health restored: 19 You now have 90 gold pieces (gained 14).
g - 2 fuming sapphire potions (gained 1)
h - a grey potion MP restored: 10
Found a stone staircase leading up.
e - 2 scrolls labelled MIERASHEPSEPHI (gained 1)
You open the door.
There is an open door here.
You now have 104 gold pieces (gained 14).
There is an open door here.
There is a stone staircase leading up here.
You now have 117 gold pieces (gained 13).
There is a stone staircase leading up here.
You open the door.
There is an open door here.
There is a stone staircase leading up here.
Found a stone staircase leading down.
A hobgoblin comes into view.
The magic dart hits the hobgoblin.
You now have 9/10 mp.
The magic dart hits the hobgoblin.
You kill the hobgoblin!
You now have 8/10 mp.
No target in view!
No target in view!
A goblin comes into view. It is wielding a +0 club.
MP restored: 10 The magic dart hits the goblin.
You now have 9/10 mp.
The magic dart hits the goblin.
You now have 8/10 mp.
The magic dart hits the goblin.
You kill the goblin!
You now have 7/10 mp.
No target in view!
You see here a hobgoblin corpse.
Things that are here:
a +0 club; a goblin corpse A kobold comes into view.
It is wielding a +0 dagger.
MP restored: 10 The magic dart hits the kobold.
You kill the kobold!
You now have 9/10 mp.
No target in view!
No target in view!
Found Xoolosaxt's Antique Armour Shop.
MP restored: 10
i - a scroll labelled LYLAULOACA No target in view!
No target in view!
A hobgoblin comes into view.
A hobgoblin is nearby!
Unknown command.
The magic dart hits the hobgoblin.
The hobgoblin shouts!
You hear a shout!
A hobgoblin comes into view. It is wielding a +0 short sword.
You now have 9/10 mp.
The magic dart hits the hobgoblin but does no damage.
You now have 8/10 mp.
The magic dart hits the hobgoblin.
You kill the hobgoblin!
You now have 7/10 mp.
The magic dart hits the hobgoblin.
You now have 6/10 mp.
The magic dart hits the hobgoblin.
You now have 5/10 mp.
The magic dart hits the hobgoblin but does no damage.
You now have 4/10 mp.
The magic dart hits the hobgoblin.
You kill the hobgoblin!
You now have 3/10 mp.
No target in view!
No target in view!
You now have 133 gold pieces (gained 16).
There is an entrance to Xoolosaxt's Antique Armour Shop here.
Things that are here:
a +0 short sword; a +0 leather armour; a hobgoblin corpse MP restored: 10 Unknown command.

###.............#
'...........######.
##########..#......
#.....####.
##.#.......$
#).#...###..
#........+
#.[.[..###
#..@....# #.[...#.#
#.....#..#
##....##.# #.#...
.. ####. .. ####
..... .. ##### ...


There were no monsters in sight!

Vanquished Creatures
  A dart slug (D:2)
  5 ball pythons
  3 bats
  4 endoplasms
  3 goblins
  3 hobgoblins (D:2)
  2 quokkas (D:1)
  4 frilled lizards (D:1)
  2 kobolds
  3 rats (D:1)
30 creatures vanquished.

Notes
Turn   | Place    | Note
-------+----------+-------------------------------------------
     0 | D:1      | OTABOTABOTAB the Deep Elf Conjurer began the quest for the
                  | Orb.
     0 | D:1      | Reached XP level 1. HP: 10/10 MP: 6/6
   155 | D:1      | Reached XP level 2. HP: 15/15 MP: 4/8
   339 | D:1      | Learned a level 2 spell: Searing Ray
   542 | D:1      | Found Qair's Armour Shoppe.
   551 | D:1      | Reached skill level 3 in Stealth
   699 | D:2      | Found Zutuxkoi's Jewellery Shop.
   717 | D:2      | Reached skill level 3 in Dodging
   817 | D:2      | Reached XP level 3. HP: 19/19 MP: 7/10
   994 | D:2      | Found Xoolosaxt's Antique Armour Shop.
  1061 | D:2      | Quit the game

Illustrated notes

Levels and vault maps discovered:
D:1:      saegor_arrival_simple_c, layout_rooms, serial_shops, shop,
          kennysheep_nondescript, minmay_misc_feat_ornament
D:2:      layout_basic, serial_shops, nicolae_shop_tiny_statue_garden,
          nicolae_shop_scrapyard, shop, shop

Skill      XL: |  1  2 |
---------------+-------+-----
Stealth        | 3 |  3.1
Dodging        | 3 |  3.1
Spellcasting   | |  3.6
Conjurations   | |  4.7

Action                     || total
---------------------------++-------
  Melee: Unarmed           ||     1
   Cast: Magic Dart        ||    58
 Armour: Robe              ||     2

Levels and vault maps discovered:
D:1:      saegor_arrival_simple_c, layout_rooms, serial_shops, shop,
          kennysheep_nondescript, minmay_misc_feat_ornament
D:2:      layout_basic, serial_shops, nicolae_shop_tiny_statue_garden,
          nicolae_shop_scrapyard, shop, shop

Table legend: (Time is in decaauts)
 A = Elapsed time spent in this place.
 B = Non-inter-level travel time spent in this place.
 C = Inter-level travel time spent in this place.
 D = Time resting spent in this place.
 E = Time spent auto-exploring this place.
 F = Levels seen in this place.
 G = Mean time per level.
                   A        B        C        D        E       F      G
               +--------+--------+--------+--------+--------+-----+--------+
         Total |   1060 |   1047 |     13 |      0 |    940 |   2 |  530.0 |
       Dungeon |   1060 |   1047 |     13 |      0 |    940 |   2 |  530.0 |
               +--------+--------+--------+--------+--------+-----+--------+

Top non-repeatable levels by time:
     D:1: 689 daAuts
     D:2: 370 daAuts

Table legend:
 A = Kills in this place as a percentage of kills in the entire game.
 B = Kills by you in this place as a percentage of kills by you in the entire game.
 C = Kills by friends in this place as a percentage of kills by friends in the entire game.
 D = Other kills in this place as a percentage of other kills in the entire game.
 E = Experience gained in this place as a percentage of experience gained in the entire game.
 F = Experience gained in this place divided by the number of levels of this place that you have seen.
                   A       B       C       D       E      F
               +-------+-------+-------+-------+-------+----------------------
         Total | 100.0 | 100.0 |   N/A |   N/A | 100.0 |  25.0
       Dungeon | 100.0 | 100.0 |   N/A |   N/A | 100.0 |  25.0
               +-------+-------+-------+-------+-------+----------------------
